Gergy, lawful female dwarven Valkyrie ---------- |........| -------------------------------- ##.........| |..............................| # |..<.....| ^ |...--------.......-----------..#####.........| |...|+?+|..|------.|..|(((| +.| #|........| |...|+++|..|.....|.|..|(((| |.| #------.--- |...|...||-|.._..|.-|-|...|---.| # |...--|--..|.....|....-|---....| # |..........|.... |.............| # |........{.--|----.{...........| # |..............................| # ....-|---.......@...-+---|--...| ### |...|.. --------%---| |...|...| # ....|(((| |.%.-(-..| |]?[|.... ----|--- |...|(((| |..%|o|..| |[%)|...| |......| |...-----+------o---- -----...| |......| |...............@%f............| |......| -------------------------------- -------- Gergy the Skirmisher Experience level: 5 Strength: 17 Dexterity: 9 Constitution: 20 Intelligence: 11 Wisdom: 10 Charisma: 9 Health: 0(61) Energy: 6(6) Def: 7 Gold: 474 Moves: 2223 Dungeon seed: k9n6wiL03faKiCeR Game ID: Gergy_1514490680 Your Inventory: Coins $ - 474 gold pieces Weapons a - a +1 long sword (weapon in hand) b - a +0 dagger j - a +1 elven dagger l - 2 +0 arrows p - a blessed +0 arrow t - 6 blessed +0 shuriken (in quiver) E - a cursed -1 orcish bow F - 13 poisoned +0 orcish arrows Armor e - an uncursed +3 small shield (being worn) n - an uncursed +0 studded leather armor (being worn) G - a blessed +2 pair of iron shoes Comestibles A - an uncursed partly eaten tripe ration Scrolls h - an uncursed scroll of enchant weapon w - an uncursed scroll of remove curse Potions k - a cursed potion of see invisible o - a potion of holy water C - an uncursed potion of water Rings s - a cursed -1 ring of gain constitution x - an uncursed ring of fire resistance Wands d - a wand of magic missile (0:0) Tools f - an uncursed mirror g - an uncursed lock pick i - an uncursed skeleton key m - an uncursed brass lantern (0:142) Gems q - an uncursed worthless piece of white glass r - an uncursed worthless piece of red glass y - 2 uncursed emeralds z - an uncursed worthless piece of green glass N - an uncursed flint stone Y - an uncursed worthless piece of yellow glass Spells and supernatural/magical abilities: Name Level Category Fail Memory W - pray for help -- divine ? -- Your skills at the end: Fighting Skills Weapon Skills dagger [Basic] long sword [Basic] Spellcasting Skills Final Attributes: You were piously aligned. You were cold resistant. You were confused. You were telepathic. You had infravision. You were stealthy. You are dead. Vanquished creatures: 7 Uruk-hai a rock piercer a floating eye a kitten 3 rothes an iguana 2 acid blobs 2 coyotes a hobbit a red mold 4 garter snakes a gecko 2 jackals a fox a kobold 2 goblins a sewer rat 2 grid bugs 3 lichens a kobold zombie a newt 39 creatures vanquished. Voluntary challenges: You had been an atheist until turn 2182. You used a wielded weapon 39 times, starting on turn 19. You read items or engraved 4 times, starting on turn 2108. You never genocided any monsters. You never polymorphed an object. You never changed form. You used no wishes. You never split a pudding. You never wrote Elbereth's name. You never violated your personal moral code. Dungeon overview: The Dungeons of Doom: levels 1 to 2 Level 1 an altar to Odin, some fountains a long staircase Level 2 a hardware shop stairs to The Gnomish Mines The Gnomish Mines: levels 3 to 6 Level 3 stairs to The Dungeons of Doom Level 4 Level 5 Level 6 <- You were here many shops, a temple to Odin, some fountains History has recorded: On T:1 you entered the Dungeons of Doom to retrieve the Amulet of Yendor! On T:351 you reached level 2 of The Dungeons of Doom. On T:515 you advanced to experience level 2. On T:891 you reached level 1 of The Gnomish Mines. On T:1105 you advanced to experience level 3. On T:1246 you reached level 2 of The Gnomish Mines. On T:1506 you reached level 3 of The Gnomish Mines. On T:1817 you reached level 4 of The Gnomish Mines. On T:1950 you advanced to experience level 4. On T:2188 you advanced to experience level 5. Score breakdown: Gold: 474 ( 9105 points) Experience: 5 levels (11141 points) Exploration: 6 levels ( 11.54%) ( 9393 points) Discoveries: 5 items ( 2.03%) ( 4276 points) Valuables value: (no points given unless you survive) Artifact value: 0 ( 0 points) Variety of kills: 21 monsters ( 5.51%) ( 7043 points) Turncount: 2223 turns ( -157 points) Survival: died (score multiplied by 80%) Total score: 32640 Latest messages: The Uruk-hai picks up an orcish helm. You suddenly vomit! The Uruk-hai wields an orcish short sword! You're done throwing up. The Uruk-hai thrusts his orcish short sword. The Uruk-hai hits! You bump into the kitten. You bump into the Uruk-hai. The Uruk-hai thrusts his orcish short sword. The Uruk-hai hits! You write in the dust with your fingers. The Uruk-hai picks up an orcish helm. The Uruk-hai removes an orcish helm and puts on an orcish helm. The Uruk-hai thrusts his orcish short sword. The Uruk-hai hits! You feel a bit steadier now. You add to the writing in the dust with your fingers. You wipe out the message that was written in the dust here. You write in the dust with your fingers. The Uruk-hai thrusts his orcish short sword. The Uruk-hai hits! You die... Final status: Farvel Gergy the Valkyrie, killed by an Uruk-hai... You died in The Gnomish Mines on dungeon level 6 with 32640 points, and 474 pieces of gold, after 2223 moves. You were level 5 with a maximum of 61 hit points when you died.